 Dungeon Crawl Stone Soup version 0.29.1-1-gd02db6906a (webtiles) character file.

Game seed: 4871210637403208826

25 Icepheonix32 the Trooper (level 2, -2/27 HPs)
             Began as a Minotaur Fighter on Oct 21, 2022.
             Succumbed to an adder's poison
             ... on level 2 of the Dungeon.
             The game lasted 00:00:41 (894 turns).

Icepheonix32 the Trooper (Minotaur Fighter)          Turns: 894, Time: 00:00:42

Health: -2/27      AC:  8    Str: 20    XL:     2   Next: 86%
Magic:  1/1        EV:  9    Int:  5    God:
Gold:   52         SH:  4    Dex:  9    Spells: 1/1 levels left

rFire   . . .      SeeInvis .   a - +0 war axe
rCold   . . .      Faith    .   c - +0 buckler
rNeg    + . .      Spirit   .   b - +0 scale mail
rPois   .          Reflect  .   (helmet restricted)
rElec   .          Harm     .   (no cloak)
rCorr   .          Rampage  .   (no gloves)
Will    .....                   e - +0 pair of boots
Stlth   ..........              (no amulet)
HPRegen 0.09/turn               i - ring of positive energy
MPRegen 0.07/turn               (no ring)

@: mighty, lethally poisoned (-2 -> -10)
A: horns 2, retaliatory headbutt
a: no special abilities


You were on level 2 of the Dungeon.
You visited 1 branch of the dungeon, and saw 2 of its levels.

You collected 52 gold pieces.

Inventory:

Hand Weapons
 a - a +0 war axe (weapon)
Armour
 b - a +0 scale mail (worn)
 c - a +0 buckler (worn)
 e - a +0 pair of boots (worn)
Jewellery
 i - a ring of positive energy (left hand)
Scrolls
 g - a scroll of brand weapon {unknown}
 h - a scroll of teleportation {unknown}
 l - a scroll of fear
Potions
 f - a potion of ambrosia
 j - a potion of brilliance
 k - 2 potions of mutation {unknown}
 m - a potion of degeneration {unknown}


   Skills:
 * Level 4.2 Fighting
 + Level 3.1 Axes
 + Level 3.8 Armour
 + Level 3.9 Shields


You had one spell level left.
You didn't know any spells.
Your spell library was empty.

Dungeon Overview and Level Annotations

Branches:
Dungeon (2/15)

Altars:

Annotations:
D:2 Sigmund


Innate Abilities, Weirdness & Mutations

You have a pair of horns on your head.
You reflexively headbutt those who attack you in melee.


Message History

The hobgoblin shouts!
You see here 8 gold pieces.
A hobgoblin is nearby!
Sigmund and an adder come into view.
Sigmund shouts!
The adder hisses angrily.
Sigmund moves out of view.
The adder moves out of view.
Found a purple potion.
Sigmund flickers, as though insubstantial.
Sigmund drinks a potion.
Sigmund's spells are empowered!
The hobgoblin hits you but does no damage.
You hit the adder.
The adder is moderately wounded.
You hit the hobgoblin.
You kill the hobgoblin!
You block the adder's attack. The adder bites you.
You are poisoned.
The adder poisons you!
Sigmund casts a spell.
Sigmund flickers and vanishes!
Deactivating autopickup; reactivate with Ctrl-A.
You feel very mighty all of a sudden.
You feel sick. You block the adder's attack.
You closely miss the adder.
The adder is moderately wounded.
You feel sick.
The adder bites you but does no damage. x2
You closely miss the adder.
The adder is moderately wounded.
You feel sick. The adder closely misses you.
The adder bites you but does no damage. Something hits you!
You miss the adder.
The adder is lightly wounded.
You feel sick. The adder bites you but does no damage. Something hits you!
* * * LOW HITPOINT WARNING * * *
The adder bites you.
* * * LOW HITPOINT WARNING * * *
You are more poisoned.
The adder poisons you!
You barely miss the adder.
The adder is lightly wounded.
You die...

#.......###.####..#
#.#.###.##.....#
########...##.###.#
# ............[.#
#.#
####[##.########
.#.## #.##.#
#?..##..... #....#
#........# #.####
#...†....## #.#
####..@S......
#.####.##...#...!..
#.##......$## .....
#..'.......# .###
####.....[.# #
#.......#
#.........
#.......##.
##........ #


You could see an adder.

Vanquished Creatures
  3 dart slugs (D:1)
  3 giant cockroaches (D:1)
  A goblin (D:1)
  3 hobgoblins
  2 jackals (D:1)
  A ball python (D:1)
  A bat (D:1)
  A frilled lizard (D:1)
  4 rats (D:1)
19 creatures vanquished.

Notes
Turn   | Place    | Note
-------+----------+-------------------------------------------
     0 | D:1      | Icepheonix32 the Minotaur Fighter began the quest for the
                  | Orb.
     0 | D:1      | Reached XP level 1. HP: 19/19 MP: 0/0
   256 | D:1      | Reached skill level 4 in Fighting
   267 | D:1      | Reached XP level 2. HP: 27/27 MP: 1/1
   517 | D:1      | Noticed an eye of devastation
   526 | D:1      | Found a faded altar of an unknown god.
   553 | D:1      | Noticed a great orb of eyes
   560 | D:1      | Noticed an eye of devastation
   565 | D:1      | Noticed a floating eye
   887 | D:2      | Noticed Sigmund
   893 | D:2      | HP: 1/27 [adder (3)]
   894 | D:2      | Succumbed to an adder's poison

Illustrated notes

Levels and vault maps discovered:
D:1:      lightli_arrival_isolated_outpost, layout_loops_ring,
          hellmonk_ecumenical_altar_watching_god, minmay_misc_feat_cross
D:2:      layout_basic, serial_shops, shop, grunt_decor_fettered, uniq_sigmund,
          uniq_natasha

Skill      XL: |  1  2 |
---------------+-------+-----
Fighting       | 4 |  4.2
Axes           | 3 |  3.1
Armour         | |  3.8
Shields        | |  3.9

Action                   || total
-------------------------++-------
Melee: War axe           ||    42
       Headbutt          ||     3
  Use: Scroll            ||     3
       Potion            ||     1
Armor: Scale mail        ||    17
Dodge: Dodged            ||    18
Block: Buckler           ||    12
